 Dungeon Crawl Stone Soup version 0.25.1-2-g60ff931df9 (webtiles) character file.

Game seed: 17264378413683052903

225 pokeman the Magician (level 5, -21/29 HPs)
             Began as a Deep Elf Wizard on Oct 8, 2020.
             Demolished by an ogre
             ... wielding a +0 giant club
              (26 damage)
             ... on level 3 of the Dungeon.
             The game lasted 00:06:16 (4332 turns).

pokeman the Magician (Deep Elf Wizard)              Turns: 4332, Time: 00:06:17

Health: -21/29     AC:  3    Str:  4    XL:     5   Next: 68%
Magic:  4/15       EV: 11    Int: 24    God:
Gold:   121        SH:  0    Dex: 13    Spells: 5/16 levels left

rFire    + . .     SeeInvis .   (no weapon)
rCold    x . .     Gourm    .   (no shield)
rNeg     . . .     Faith    .   j - +0 leather armour
rPois    .         Spirit   .   b - +0 hat
rElec    .         Reflect  .   (no cloak)
rCorr    .         Harm     .   (no gloves)
MR       .....                  (no boots)
Stlth    ++........             (no amulet)
HPRegen  0.09/turn              l - ring of fire
MPRegen  0.14/turn              (no ring)

@: very slightly contaminated
A: no striking features
a: no special abilities


You were on level 3 of the Dungeon.
You were not hungry.

You visited 1 branch of the dungeon, and saw 4 of its levels.

You collected 121 gold pieces.

Inventory:

Missiles
 f - 55 bolts
Armour
 a - a +0 tower shield
 b - a +0 hat (worn)
 j - a +0 leather armour (worn)
Jewellery
 l - a ring of fire (left hand)
Scrolls
 c - 2 scrolls of identify {unknown}
 e - a scroll of enchant weapon {unknown}
 h - 3 scrolls of remove curse {unknown}
 r - a scroll of fear {unknown}
 s - a scroll of enchant armour {unknown}
 t - 2 scrolls of teleportation {unknown}
 u - a scroll of amnesia {unknown}
Potions
 g - a potion of might {unknown}
 i - a potion of mutation {unknown}
 k - 2 potions of heal wounds {unknown}
 m - 4 potions of degeneration {unknown}
 n - 2 potions of brilliance {unknown}
 o - a potion of magic {unknown}
 q - a potion of haste {unknown}
Comestibles
 d - 8 rations
 p - 4 chunks of flesh


   Skills:
 - Level 1.0 Fighting
 - Level 1.0 Armour
 - Level 2.4 Dodging
 - Level 2.4 Stealth
 + Level 0.3 Shields
 * Level 6.3 Spellcasting
 * Level 3.2 Conjurations
 - Level 1.1 Summonings
 - Level 1.1 Translocations
 + Level 1.2 Fire Magic
 - Level 1.1 Air Magic
 - Level 1.0 Poison Magic


You had 5 spell levels left.
You knew the following spells:

 Your Spells              Type           Power        Failure   Level  Hunger
a - Magic Dart            Conj           ###.         3%          1    None
b - Mephitic Cloud        Conj/Pois/Air  ###.....     19%         3    None
c - Call Imp              Summ           ##......     13%         2    None
d - Blink                 Tloc           N/A          13%         2    None
e - Conjure Flame         Conj/Fire      ####....     16%         3    None

Your spell library contained the following spells:

 Spells                   Type           Power        Failure   Level  Hunger
 Slow                     Hex            #.......     21%         2    None


Dungeon Overview and Level Annotations

Branches:
Dungeon (4/15)
 Temple: D:4-7

Altars:
Cheibriados
Hepliaklqana
Okawaru


Message History

The gnoll is almost dead.
Casting: Magic Dart (safe; 3% risk of failure)
Confirm with . or Enter, or press ? or * to list all spells.
Aiming: Magic Dart (safe; 3% risk of failure)
Press: ? - help, Shift-Dir - straight line, f/p - gnoll
Aim: a gnoll, wielding a +0 halberd (almost dead)
The magic dart hits the gnoll.
You kill the gnoll!
The ogre hits you with a +0 giant club!
* * * LOW HITPOINT WARNING * * *
You climb upwards.
There is a stone staircase leading down here.
Casting: Magic Dart (safe; 3% risk of failure)
Confirm with . or Enter, or press ? or * to list all spells.
You miscast Blink.
You are very lightly contaminated with residual magic.
Nothing appears to happen.
The ogre hits you with a +0 giant club!!
Ouch! That really hurt!
You die...

#)#.#...###.......# #.#.#.#.#
#.......# ############.#.#.#.#
#.......# #..............#.#.#
#.......# #.###########..#.#.#
#.......# #.#
#...#.#.###.......# #.#
#...........#+###.# #.#
#..O#.#.......###.. #.#
#.@.#.+............
#.##########)..#.#......#.....
#...................#####.....
#..###.###.#...#...##########.
#..#...........#...........###
#..#.#.#...#..##.#.#######.#
#..#.#.#...##.##.#.# #.#
#..#.#.#.......#.#.# #####.#
#..#.#.#.........#.# #.....#


You could see an ogre.

Vanquished Creatures
  A scorpion (D:3)
  An orc priest (D:4)
  3 gnolls
  3 adders
  An ooze (D:2)
  5 worms
  3 dart slugs
  2 leopard geckos
  3 orcs
  A ball python (D:2)
  5 bats
  4 giant cockroaches
  8 hobgoblins
  7 kobolds
  5 quokkas
  3 frilled lizards
  3 goblins
  6 rats
  2 toadstools (D:1)
66 creatures vanquished.

Vanquished Creatures (others)
  2 toadstools (D:1)
2 creatures vanquished.

Grand Total: 68 creatures vanquished

Notes
Turn   | Place    | Note
-------+----------+-------------------------------------------
     0 | D:1      | pokeman the Deep Elf Wizard began the quest for the Orb.
     0 | D:1      | Reached XP level 1. HP: 10/10 MP: 7/7
   451 | D:1      | Reached XP level 2. HP: 16/16 MP: 5/9
  1047 | D:1      | Reached skill level 5 in Spellcasting
  1133 | D:2      | Reached XP level 3. HP: 20/20 MP: 6/11
  1138 | D:2      | Learned a level 3 spell: Mephitic Cloud
  1141 | D:2      | Learned a level 2 spell: Call Imp
  1150 | D:2      | Learned a level 2 spell: Blink
  1154 | D:2      | Learned a level 3 spell: Conjure Flame
  1838 | D:2      | Reached skill level 1 in Armour
  1910 | D:2      | Reached skill level 1 in Fighting
  2020 | D:2      | Found a hazy altar of Hepliaklqana.
  2324 | D:2      | Reached XP level 4. HP: 19/25 MP: 4/13
  3057 | D:3      | Found a snail-covered altar of Cheibriados.
  3065 | D:3      | Found an iron altar of Okawaru.
  3384 | D:3      | Reached skill level 1 in Poison Magic
  3965 | D:4      | Noticed a phantom
  4114 | D:3      | Reached skill level 6 in Spellcasting
  4114 | D:3      | Reached skill level 1 in Air Magic
  4114 | D:3      | Reached XP level 5. HP: 20/29 MP: 1/15
  4249 | D:4      | Reached skill level 1 in Fire Magic
  4323 | D:4      | Noticed an ogre
  4332 | D:3      | Demolished by an ogre

Illustrated notes

Levels and vault maps discovered:
D:1:      ldierk_water_garden, layout_basic, corexii_hall_statues_u,
          minmay_pentomino_q4
D:2:      layout_loops_corners, overflow_temple_1_default
D:3:      layout_basic, minitemple, minivault_24
D:4:      layout_rooms, bloody_trog, ebering_ghost_disaster_area,
          serial_park_tiny_pond, nicolae_ru_the_path_less_chosen

Skill      XL: |  1  2  3  4  5 |
---------------+----------------+-----
Spellcasting   | 5 6 |  6.3
Armour         | 1 |  1.0
Fighting       | 1 |  1.0
Conjurations   | 2 3 |  3.2
Poison Magic   | 1 |  1.0
Air Magic      | 1 |  1.1
Fire Magic     | 1 |  1.2
Dodging        | |  2.4
Stealth        | |  2.4
Shields        | |  0.3
Summonings     | |  1.1
Translocations | |  1.1

Action                   |  1- 3 |  4- 6 || total
-------------------------+-------+-------++-------
Melee: Unarmed           |    10 |     3 ||    13
 Cast: Magic Dart        |   118 |    78 ||   196
       Conjure Flame     |       |     1 ||     1
       Mephitic Cloud    |       |     1 ||     1
       Blink             |       |     1 ||     1
 Stab: Confused          |       |     1 ||     1
  Eat: Chunk             |     4 |     6 ||    10
Armor: Robe              |     2 |       ||     2
       Leather armour    |     5 |     3 ||     8
Dodge: Dodged            |     8 |    20 ||    28
